 Dungeon Crawl Stone Soup version 0.29.0-4-gdea44cf6ec (webtiles) character file.

Game seed: 4868675367762966843

2 GigaChad the Grave Robber (level 1, -8/13 HPs)
             Began as a Vampire Necromancer on Aug 26, 2022.
             Killed from afar by Natasha (12 damage)
             ... with a magic dart
             ... on level 2 of the Dungeon.
             The game lasted 00:00:20 (34 turns).

GigaChad the Grave Robber (Vampire Necromancer)       Turns: 34, Time: 00:00:21

Health: -8/13      AC:  2    Str:  7    XL:     1   Next: 33%
Magic:  0/3        EV: 12    Int: 17    God:
Gold:   0          SH:  0    Dex: 14    Spells: 3/4 levels left

rFire   . . .      SeeInvis +   (no weapon)
rCold   . . .      Faith    .   (no shield)
rNeg    . . .      Spirit   .   a - +0 robe
rPois   .          Reflect  .   (no helmet)
rElec   .          Harm     .   (no cloak)
rCorr   .          Rampage  .   (no gloves)
Will    .....                   (no boots)
Stlth   ++........              (no amulet)
HPRegen 0.24/turn               (no ring)
MPRegen 0.08/turn               (no ring)

@: healing quickly
A: alive, fangs 3, see invisible, vampiric 1
a: Exsanguinate


You were on level 2 of the Dungeon.
You visited 1 branch of the dungeon, and saw 2 of its levels.

Inventory:

Armour
 a - a +0 robe (worn)
Scrolls
 c - a scroll of vulnerability {unknown}
 d - a scroll of enchant weapon {unknown}
Potions
 b - a potion of magic


   Skills:
 + Level 2.2 Dodging
 + Level 3.0 Stealth
 + Level 2.0 Spellcasting
 + Level 4.5 Necromancy


You had 3 spell levels left.
You knew the following spells:

 Your Spells              Type           Power      Damage    Failure   Level
a - Necrotise             Necr           68%        1d7       3%          1

Your spell library contained the following spells:

 Spells                   Type           Power      Damage    Failure   Level
 Vampiric Draining        Necr           17%        2d7       9%          3
 Animate Dead             Necr           17%        N/A       30%         4
 Agony                    Necr           17%        N/A       63%         5


Dungeon Overview and Level Annotations

Branches:
Dungeon (1/15)

Altars:

Annotations:
D:1 1 transporter
D:2 Natasha


Innate Abilities, Weirdness & Mutations

Your natural rate of healing is accelerated.
You have razor-sharp teeth.
You have supernaturally acute eyesight. (SInv)
You are afflicted with vampirism.


Message History

Found 6 stones, a scroll labelled OCROUH BUGE and a grey potion.
Found a staircase leading out of the dungeon.
Found a transporter.
You see here 6 stones.
A giant cockroach comes into view.
c - a scroll labelled OCROUH BUGE A sourceless malevolence fills the Dungeon...
You fall into a shaft and drop 1 floor!
The shaft crumbles and collapses.
Found 6 stones.
A kobold comes into view. It is wielding a +0 whip.
A giant cockroach comes into view.
Found a scroll labelled HAHEFUA JUAPIG.
The kobold shouts!
The kobold writhes in agony.
You kill the kobold!
The dead are walking!
The giant cockroach writhes in agony.
You kill the giant cockroach!
Natasha, Servant of Life and Death comes into view.
She is carrying a wand of digging (6).
Natasha hisses angrily.
Natasha howls an incantation.
Natasha's front paws start to glow.
You hear a zap.
Some rock shatters into small pieces.
d - a scroll labelled HAHEFUA JUAPIG You swap places.
Your kobold skeleton hits Natasha but does no damage.
Natasha struggles to resist.
Natasha hisses.
Natasha claws you!
Ouch! That really hurt!
Your kobold skeleton completely misses Natasha.
You are too injured to fight recklessly!
You are too injured to fight recklessly!
Unknown command.
Natasha casts a spell at you. The magic dart hits you!
Ouch! That really hurt!
You die...

## ..##... ..### .......#
...##†##.... ##.... ....
##...###..# ##........#
#########.......h#####...
................@Z.......
#########.......#........
##..(.....#######
#..)....### #.......#
#.......# ##.....##
##...##


You could see Natasha (ally target) and a friendly kobold skeleton.

Vanquished Creatures
  A giant cockroach (D:2)
  A kobold (D:2)
2 creatures vanquished.

Notes
Turn   | Place    | Note
-------+----------+-------------------------------------------
     0 | D:1      | GigaChad the Vampire Necromancer began the quest for the
                  | Orb.
     0 | D:1      | Reached XP level 1. HP: 13/13 MP: 3/3
     6 | D:1      | You fall into a shaft and drop 1 floor!
    26 | D:2      | Noticed Natasha
    34 | D:2      | Killed from afar by Natasha

Illustrated notes

Levels and vault maps discovered:
D:1:      spicycebolla_arrival_risky_transporter, layout_rooms,
          shapermc_ecumenical_altar_ellora, serial_shops,
          nicolae_shop_behind_doors, solitary_fountain
D:2:      layout_rooms, uniq_natasha

Action                   || total
-------------------------++-------
 Cast: Necrotise         ||     3
